Map: Zielone pola

Players

nario

  • Race: Terran Terran
  • Spawn Location: 3:00

ferkrut

  • Race: Protoss Protoss
  • Spawn Location: 1:00

StarLord - Winner!

  • Race: Zerg Zerg
  • Spawn Location: 9:00

Gracz - Winner!

  • Race: Terran Terran
  • Spawn Location: 6:00

george

  • Race: Terran Terran
  • Spawn Location: 12:00

whathefack - Winner!

  • Race: Terran Terran
  • Spawn Location: 7:00

VOD

Have the link to the VOD?

Description

Time

  • Played on: March 1, 2016, 8:17 a.m.
  • Length: 15:19
Show
View Real Time Build Order
Export as new Build Order

nario Terran 

Build Orders:  

Get SALT Encoding   

  12  0:03  SCV  
  13  0:25  Supply Depot, SCV  
  14  0:37  SCV  
  15  0:49  SCV  
  16  0:51  Barracks  
  16  1:01  SCV  
  17  1:05  Barracks  
  17  1:13  SCV  
  17  1:15  Supply Depot  
  18  1:25  SCV  
  19  1:47  Supply Depot  
  19  1:49  Barracks  
  19  1:59  Command Center  
  19  2:01  Marine  
  20  2:04  Marine  
  21  2:13  Supply Depot  
  21  2:30  Refinery  
  21  2:31  Marine x2  
  23  2:37  Barracks  
  23  2:45  Marine  
  24  3:05  Barracks  
  24  3:12  SCV  
  25  3:21  Engineering Bay  
  25  3:24  SCV  
  25  3:25  Engineering Bay  
  26  3:31  Barracks Reactor  
  26  3:35  SCV  
  26  3:36  SCV  
  28  3:47  SCV  
  30  3:48  SCV  
  30  3:53  Barracks  
  30  3:56  Barracks Reactor  
  30  3:59  SCV  
  30  4:02  Refinery  
  31  4:22  Marine x2  
  33  4:30  SCV  
  34  4:45  Barracks, Terran Infantry Weapons Level 1  
  34  4:56  Barracks Reactor  
  34  5:04  Barracks Reactor  
  34  5:15  SCV  
  35  5:23  Barracks Reactor  
Show
View Real Time Build Order
Export as new Build Order

ferkrut Protoss 

Build Orders: Zealot Archon 

Get SALT Encoding   

  12  0:02  Probe (Chrono Boost)  
  13  0:12  Probe (Chrono Boost)  
  14  0:19  Pylon  
  14  0:23  Probe (Chrono Boost)  
  15  0:37  Probe (Chrono Boost)  
  15  0:38  Assimilator  
  16  0:48  Probe (Chrono Boost)  
  17  0:58  Probe (Chrono Boost)  
  18  1:08  Nexus  
  19  1:11  Probe (Chrono Boost)  
  19  1:22  Gateway  
  19  1:24  Probe (Chrono Boost)  
  20  1:31  Assimilator  
  20  1:35  Probe (Chrono Boost)  
  21  1:40  Pylon  
  21  1:45  Probe (Chrono Boost)  
  22  1:56  Probe (Chrono Boost)  
  23  2:09  Cybernetics Core  
  23  2:16  Probe (Chrono Boost)  
  23  2:22  Pylon, Probe (Chrono Boost)  
  25  2:27  Probe (Chrono Boost)  
  26  2:32  Probe (Chrono Boost)  
  26  2:33  Forge  
  27  2:37  Probe (Chrono Boost)  
  27  2:43  Probe (Chrono Boost)  
  29  2:46  Warp Gate  
  29  2:51  Twilight Council  
  29  2:54  Pylon  
  29  2:56  Mothership Core (Chrono Boost)  
  29  2:57  Probe (Chrono Boost)  
  32  3:09  Probe (Chrono Boost)  
  32  3:10  Photon Cannon  
  33  3:17  Photon Cannon  
  33  3:21  Probe (Chrono Boost)  
  34  3:30  Assimilator  
  34  3:32  Probe (Chrono Boost)  
  35  3:34  Probe (Chrono Boost)  
  35  3:35  Assimilator  
  35  3:38  Pylon  
  36  3:42  Templar Archives, Probe (Chrono Boost)  
  37  3:50  Robotics Facility  
  37  3:53  Probe (Chrono Boost)  
  38  3:57  Probe (Chrono Boost)  
  39  4:03  Probe (Chrono Boost), Photon Cannon  
  40  4:19  Gateway  
  40  4:21  Gateway  
  40  4:22  Gateway  
  40  4:25  Probe (Chrono Boost)  
  40  4:30  Psionic Storm  
  41  4:40  Warp Prism  
  43  4:51  Robotics Bay  
  44  4:52  Probe (Chrono Boost)  
  44  5:03  Probe (Chrono Boost)  
  45  5:17  High Templar  
  45  5:18  High Templar x3  
  53  5:46  Disruptor  
  56  6:09  High Templar  
  56  6:10  High Templar x2  
  62  6:16  Archon  
  62  6:20  Archon  
  62  6:52  High Templar x2  
  62  6:53  High Templar  
  68  7:07  Archon x2  
  68  7:08  Archon  
  65  7:49  High Templar  
  65  7:50  High Templar  
  69  7:56  Pylon  
  69  7:58  Pylon  
  69  8:04  Protoss Shields Level 1  
  69  8:12  Gravitic Drive  
  69  8:27  High Templar x3  
  75  8:45  Archon x2  
  63  9:03  High Templar x3  
  61  9:45  Stargate  
  61  9:48  Photon Cannon  
  61  9:50  Photon Cannon  
  61  9:52  Photon Cannon  
  61  9:53  Stargate  
  61  9:54  Photon Cannon  
  61  9:56  Robotics Facility  
  61  10:16  Zealot x4  
  69  10:31  Nexus  
  69  10:49  Colossus  
  75  11:05  Zealot x2  
  75  11:06  Zealot x2  
  83  11:23  Pylon  
  83  11:24  Pylon  
  83  11:26  Pylon  
  83  11:27  Extended Thermal Lance  
  83  11:28  Pylon  
  83  11:31  Fleet Beacon  
  83  11:35  Zealot  
  85  11:41  Void Ray x2  
  93  11:47  Archon x2  
  50  12:24  Void Ray  
Show
View Real Time Build Order
Export as new Build Order

StarLord Zerg - Winner!

Build Orders: Hatch First 

Get SALT Encoding   

  12  0:01  Drone  
  13  0:13  Overlord  
  13  0:18  Drone  
  14  0:32  Drone x2  
  16  0:37  Drone  
  17  0:54  Hatchery  
  16  1:07  Spawning Pool  
  16  1:10  Drone  
  16  1:13  Drone  
  17  1:20  Drone  
  17  1:23  Drone  
  19  1:26  Extractor  
  18  1:33  Drone  
  19  1:43  Overlord  
  19  1:54  Queen  
  19  1:56  Drone  
  22  2:05  Zergling x2  
  23  2:09  Queen, Drone  
  26  2:16  Drone  
  27  2:23  Roach Warren  
  27  2:28  Drone  
  27  2:31  Drone  
  27  2:32  Drone  
  29  2:40  Drone  
  30  2:47  Spine Crawler  
  30  2:50  Zergling x2  
  30  2:56  Queen  
  32  2:59  Overlord  
  32  3:09  Roach x2  
  36  3:17  Overlord  
  36  3:19  Lair  
  36  3:25  Extractor  
  36  3:26  Drone x3  
  38  3:33  Roach  
  38  3:34  Roach x2  
  44  3:35  Zergling x2  
  44  3:38  Zergling x2  
  47  3:48  Drone  
  47  3:49  Drone x2  
  47  3:50  Drone x2  
  51  3:58  Zergling x2  
  51  4:01  Overlord  
  52  4:09  Overlord  
  52  4:10  Metabolic Boost  
  52  4:22  Drone x2  
  52  4:23  Drone x2  
  56  4:25  Extractor  
  55  4:32  Spine Crawler  
  55  4:37  Spine Crawler  
  53  4:38  Spine Crawler  
  53  4:39  Drone x3  
  55  4:50  Pneumatized Carapace  
  55  4:56  Hydralisk Den  
  54  5:00  Infestation Pit  
  54  5:02  Drone x2  
  54  5:06  Zergling x4  
  58  5:07  Roach, Zergling x2  
  58  5:12  Drone  
  61  5:15  Drone x3  
  64  5:21  Drone x2  
  64  5:22  Drone  
  64  5:24  Extractor  
  66  5:47  Hydralisk  
  68  5:59  Glial Reconstitution  
  68  6:01  Muscular Augments  
  68  6:07  Overlord x4  
  68  6:10  Hive  
  68  6:32  Hydralisk x2  
  68  6:33  Hydralisk x3  
  61  7:28  Hydralisk x7  
  61  7:29  Hydralisk x2  
  76  7:49  Evolution Chamber  
  75  7:52  Evolution Chamber  
  75  7:53  Hatchery  
  75  7:55  Evolution Chamber  
  72  8:04  Hydralisk x2  
  72  8:05  Ultralisk Cavern  
  75  8:22  Drone x3  
  78  9:24  Ultralisk x3  
  96  9:30  Zerg Melee Weapons Level 1  
  96  9:31  Zerg Missile Weapons Level 1  
  96  9:54  Hatchery  
  89  10:16  Hatchery  
  89  10:17  Drone x2  
  89  10:21  Overlord x2  
  90  10:23  Zerg Ground Armor Level 1  
  90  10:30  Hatchery  
  90  10:31  Chitinous Plating  
  90  10:35  Ultralisk  
  95  11:13  Zergling x2, Ultralisk x3  
  95  11:14  Zergling x8  
  118  11:26  Overseer  
  118  11:27  Overseer  
  118  11:33  Drone x3  
  118  11:34  Queen  
  123  11:43  Drone x6  
  123  11:46  Overlord  
  123  11:47  Overlord x3  
  124  13:18  Extractor  
  123  13:21  Extractor  
  123  13:22  Drone x3  
  125  13:39  Queen  
  125  13:40  Drone x3  
  130  13:42  Queen  
  130  13:43  Drone x3  
  130  13:46  Ultralisk x4  
  159  14:16  Hydralisk  
  159  14:17  Hydralisk  
Show
View Real Time Build Order
Export as new Build Order

Gracz Terran - Winner!

Build Orders:  

Get SALT Encoding   

  12  0:03  SCV  
  13  0:15  SCV  
  14  0:27  SCV  
  14  0:28  Refinery  
  15  0:31  Supply Depot  
  15  0:53  SCV  
  16  1:07  Barracks  
  16  1:12  Barracks  
  16  1:15  Supply Depot  
  16  1:24  Engineering Bay  
  16  1:43  SCV  
  17  1:55  SCV  
  18  2:07  Missile Turret  
  18  2:13  Orbital Command  
  18  2:16  Reaper  
  19  2:23  Reaper  
  20  2:39  Refinery  
  20  2:52  Barracks Tech Lab  
  20  2:58  Barracks Reactor  
  20  3:16  Marauder  
  22  3:21  Command Center  
  22  3:25  Barracks  
  22  3:36  Factory  
  22  3:55  Reaper  
  23  3:56  Marine  
  23  3:58  Marauder  
  26  4:16  SCV  
  27  4:24  Refinery  
  27  4:28  SCV  
  28  4:40  Refinery, SCV  
  29  4:50  SCV  
  30  4:53  SCV  
  31  5:00  Barracks Reactor  
  31  5:01  Reaper x2  
  31  5:02  SCV  
  31  5:03  Marauder  
  31  5:05  SCV  
  37  5:14  SCV  
  38  5:17  SCV  
  39  5:55  Factory Tech Lab  
  39  5:58  Starport  
  39  6:00  Orbital Command  
  39  6:14  Combat Shields  
  39  6:39  Starport  
  39  6:40  Starport Tech Lab  
  39  6:42  Siege Tank  
  42  7:08  Starport  
  42  7:28  Starport  
  42  7:29  Starport Tech Lab  
  42  7:33  Stimpack  
  40  7:42  Supply Depot  
  36  7:46  SCV  
  36  7:55  Fusion Core  
  36  7:58  SCV  
  34  8:10  SCV  
  35  8:22  SCV  
  36  8:34  SCV  
  37  8:42  Starport Reactor  
  37  8:43  Starport Tech Lab  
  37  8:54  Armory  
  37  8:59  Supply Depot  
  37  9:08  Marauder  
  37  9:09  Reaper x3  
  43  9:10  Reaper  
  43  9:11  Siege Tank  
  43  9:13  Battlecruiser  
  43  9:16  Battlecruiser  
  58  9:19  Viking  
  60  9:29  Marauder  
  62  9:35  Supply Depot  
  62  9:41  Medivac  
  64  10:03  Supply Depot  
  64  10:06  Ghost Academy  
  64  10:13  Battlecruiser  
  70  10:16  Medivac  
  72  11:01  Weapon Refit  
  72  11:09  Medivac x2  
  76  11:14  Raven  
  78  11:42  Command Center  
  78  11:45  Behemoth Reactor  
  69  12:28  Medivac x2  
  66  12:48  Battlecruiser  
  72  12:52  Battlecruiser  
  78  14:38  SCV  
  79  14:43  Refinery  
Show
View Real Time Build Order
Export as new Build Order

george Terran 

Build Orders: Reaper Expand 

Get SALT Encoding   

  12  0:14  Refinery  
  12  0:44  Supply Depot  
  12  1:29  Engineering Bay  
  12  1:34  Barracks  
  12  2:34  Hi-Sec Auto Tracking  
  12  2:41  Command Center  
  12  2:47  Barracks Reactor  
  12  4:04  Marine  
  14  4:13  Reaper  
  14  4:22  Marine  
  15  4:39  Marine  
  15  4:45  Marine  
  16  4:52  SCV  
  18  4:58  Reaper  
  19  5:03  Reaper  
  19  5:04  SCV  
  21  5:16  SCV  
  22  5:28  SCV  
  22  5:30  Reaper  
  25  5:35  Reaper  
  25  5:40  SCV  
  11  6:49  Reaper x2  
  13  7:21  Reaper x2  
  15  7:53  Reaper x2  
  17  8:25  Reaper  
  17  8:26  Reaper  
  2  8:57  Reaper  
  2  8:58  Reaper  
  2  9:30  Reaper  
  2  10:02  Marine  
  3  10:19  Marine  
  4  10:37  Marine  
  5  10:55  Marine  
  6  11:13  Marine  
  7  11:31  Reaper  
Show
View Real Time Build Order
Export as new Build Order

whathefack Terran - Winner!

Build Orders: MMM Bio 

Get SALT Encoding   

  12  0:01  SCV  
  13  0:13  SCV  
  14  0:19  Supply Depot  
  14  0:25  SCV  
  15  0:30  Refinery  
  15  0:40  SCV  
  16  0:47  Barracks  
  16  0:52  SCV  
  17  1:02  Barracks  
  17  1:07  SCV  
  18  1:16  Refinery  
  18  1:19  SCV  
  19  1:32  Supply Depot, SCV  
  20  1:36  Barracks Reactor  
  20  1:44  SCV  
  21  1:50  Barracks Reactor  
  21  1:53  Barracks Tech Lab  
  21  1:58  Orbital Command  
  21  2:10  Factory  
  21  2:17  Stimpack  
  21  2:22  Marine  
  22  2:25  SCV  
  22  2:29  Marine  
  23  2:32  Marine  
  25  2:38  SCV  
  25  2:42  Supply Depot  
  26  2:48  Marine x2  
  26  2:49  Marine  
  29  2:56  Factory Reactor  
  29  3:01  Starport  
  29  3:07  Marine x2  
  29  3:10  Marine  
  32  3:24  Supply Depot  
  32  3:26  Marine  
  32  3:27  Marine  
  33  3:28  Marine  
  35  3:44  Marine  
  35  3:45  Widow Mine  
  35  3:48  Medivac x2  
  42  3:52  Supply Depot  
  42  3:54  Marine x2  
  44  3:59  Supply Depot  
  44  4:04  Marine  
  45  4:14  Marine x2  
  45  4:16  Widow Mine  
  49  4:18  Medivac  
  49  4:23  Marine  
  52  4:27  Combat Shields  
  52  4:32  Marine  
  52  4:35  Engineering Bay  
  53  4:40  Marine  
  53  4:45  Marine  
  55  4:50  Marine  
  56  5:00  Marine  
  56  5:01  Medivac x2  
  56  5:06  Supply Depot  
  61  5:14  Marine x2  
  62  5:15  Factory Tech Lab  
  62  5:55  Marine x2  
  62  5:56  Marauder  
  62  5:57  Concussive Shells  
  55  6:13  Marine  
  56  6:28  Marine x2  
  51  7:00  Siege Tank  
  51  7:01  Command Center  
  54  7:05  Terran Infantry Weapons Level 1  
  54  7:08  Supply Depot  
  54  7:09  Supply Depot  
  54  7:17  Marine x2  
  54  7:18  Marauder  
  58  7:30  Medivac x2  
  58  7:32  Siege Tank  
  58  7:34  Barracks  
  58  7:35  Marine  
  66  7:40  Command Center  
  66  7:42  Barracks  
  65  7:51  Marine  
  65  7:52  Marine  
  65  7:55  SCV  
  68  8:02  Supply Depot  
  68  8:10  Marauder  
  70  8:14  Marine x2  
  71  8:36  Marine  
  71  8:37  Marine, Marauder  
  71  8:38  Barracks Tech Lab x2  
  67  8:54  Marine  
  58  9:37  Marine x2  
  58  9:38  Marauder  
  62  9:39  Marine  
  62  9:40  Marauder  
  65  9:45  Orbital Command  
  65  9:47  Orbital Command  
  65  9:52  SCV  
  66  9:55  Marine  
  66  9:58  Marauder  
  69  10:03  Marine  
  69  10:04  SCV, Reaper x2  
  73  10:16  SCV  
  74  10:28  SCV  
  75  10:32  Missile Turret  
  75  10:39  Missile Turret  
  75  10:40  Missile Turret  
  68  10:48  Marine x3  
  71  10:56  Reaper  
  72  11:00  Marine  
  73  11:04  SCV  
  74  11:14  Missile Turret  
  74  11:25  SCV  
  75  11:28  SCV  
  75  11:31  Marine  
  75  11:32  Marine  
  78  11:41  Medivac x2  
  78  11:43  Marine x2  
  82  12:41  Marine  
  82  13:01  Marine x2  
  82  13:02  Marine, Marauder x2  
  82  13:03  SCV x2  
  91  13:05  SCV  
  92  13:15  SCV x2  
  92  13:18  SCV  
  92  13:19  Marine  
  96  13:20  Marauder  
  96  13:23  Marauder  
  100  13:27  SCV  
  101  13:47  Marine x2, Marauder  
  105  14:29  Viking  
  105  14:30  Viking  
Tags
 
Add a new tag
Caveats
  • Supply blocks, unpowered buildings, or Contaminate may cause inaccurate times.
  • Supply counts are checked every 10 seconds.